 Dungeon Crawl Stone Soup version 0.32-a0-898-g7811c86cf0 (webtiles) character file.

Game seed: 9079221590725072902

1866 Querens the Thaumaturge (level 8, -5/41 HPs)
             Began as a Deep Elf Conjurer on Apr 4, 2024.
             Was a Follower of Vehumet.
             Slain by a gnoll sergeant
             ... wielding a +0 spear
              (13 damage)
             ... on level 6 of the Dungeon.
             The game lasted 00:21:41 (3496 turns).

Querens the Thaumaturge (Deep Elf Conjurer)         Turns: 3496, Time: 00:21:42

Health: -5/41      AC:  2    Str:  4    XL:     8   Next: 90%
Magic:  0/24       EV: 13    Int: 26    God:    Vehumet [*.....]
Gold:   23         SH:  0    Dex: 31    Spells: 8/27 levels left

rFire   . . .        h - +6 arbalest of Joiph {penet, rElec Dex+6}
rCold   . . .        (shield currently unavailable)
rNeg    . . .        a - +0 robe
rPois   .            (no helmet)
rElec   +            (no cloak)
rCorr   .            (no gloves)
SInv    .            (no boots)
Will    .....        (no amulet)
Stlth   +++          v - +6 ring of dexterity
HPRegen 0.26/turn    y - +6 ring of dexterity
MPRegen 0.19/turn

%: no passive effects
@: no status effects
A: no striking features
a: Renounce Religion


You were on level 6 of the Dungeon.
You worshipped Vehumet.
Vehumet was aware of your devotion.
You visited 2 branches of the dungeon, and saw 7 of its levels.

You collected 342 gold pieces.
You spent 319 gold pieces at shops.

Inventory:

Hand Weapons
 h - the +6 arbalest of Joiph (weapon) {penet, rElec Dex+6}
   (You found it on level 5 of the Dungeon)

   Dex+6:     It affects your dexterity (+6).
   rElec:     It insulates you from electricity.
 q - a +1 sling of flaming
 t - a +1 short sword of speed
 D - the +5 hand axe of the Big Bang {protect, rF- Str+2 Int+3}
   (You found it on level 6 of the Dungeon)

   Str+2:     It affects your strength (+2).
   Int+3:     It affects your intelligence (+3).
   rF-:       It makes you vulnerable to fire.
Armour
 a - a +0 robe (worn)
 r - a +3 ring mail of poison resistance
Magical Staves
 u - a staff of earth
Jewellery
 v - a +6 ring of dexterity (left hand)
 y - a +6 ring of dexterity (right hand)
Wands
 g - a wand of paralysis (10)
 n - a wand of flame (22)
 p - a wand of mindburst (8)
Scrolls
 c - a scroll of poison
 e - a scroll of enchant weapon {unknown}
 l - 2 scrolls of fog {unknown}
 o - 3 scrolls of teleportation
 s - a scroll of torment {unknown}
 w - a scroll of silence {unknown}
 B - a scroll of immolation {unknown}
Potions
 b - 2 potions of magic
 d - a potion of invisibility
 f - a potion of mutation
 i - a potion of resistance
 j - a potion of attraction {unknown}
 k - a potion of degeneration {unknown}
 m - 3 potions of haste
 z - a potion of heal wounds
 A - a potion of brilliance {unknown}
 C - a potion of ambrosia {unknown}


   Skills:
 - Level 2.4 Dodging
 - Level 2.4 Stealth
 + Level 10.1 Spellcasting
 + Level 9.2 Conjurations
 + Level 5.2 Translocations


You had 8 spell levels left.
You knew the following spells:

 Your Spells              Type           Power      Damage    Failure   Level
a - Magic Dart            Conj           100%       1d8       1%          1
b - Searing Ray           Conj           100%       2d8       1%          2
c - Iskenderun's Mystic   Conj/Tloc      50%        2d11      (+2d62%     4
d - Swiftness             Air            13%        N/A       14%         3
e - Lesser Beckoning      Tloc           80%        N/A       1%          2
f - Maxwell's Portable P  Tloc           40%        2d(9-25)  1%          3
g - Fulminant Prism       Conj/Alch      18%        3d10      7%          4

Your spell library contained the following spells:

 Spells                   Type           Power      Damage    Failure   Level
 Kiss of Death            Conj/Necr      100%       2d13      1%          1
 Teleport Other           Tloc           40%        N/A       1%          3
 Volatile Blastmotes      Fire/Tloc      52%        2d14      4%          3
 Ensorcelled Hibernation  Hex/Ice        26%        N/A       7%          2
 Passwall                 Erth           13%        N/A       14%         3


Dungeon Overview and Level Annotations

Branches:
Dungeon (6/15)             Temple (1/1) D:4

Altars:
Ashenzari
Cheibriados
Dithmenos
Elyvilon
Fedhas
Gozag
Kikubaaqudgha
Makhleb
Nemelex Xobeh
Okawaru
Ru
Sif Muna
Trog
Vehumet
Yredelemnul
The Shining One

Shops:
D:5 *   D:6 *

Annotations:
D:4 1 transporter


Message History

The gnoll bouda is heavily wounded.
The gnoll sergeant is heavily wounded.
The gnoll bouda calls upon its god to heal the gnoll sergeant.
The gnoll sergeant is healed somewhat.
Unknown command.
Okay, then.
Unknown command.
Okay, then.
Unknown command.
Okay, then.
You feel better.
The gnoll sergeant hits you from afar with a +0 spear.
The gnoll sergeant hits you from afar with a +0 spear!
* * * LOW HITPOINT WARNING * * *
It was a potion of heal wounds.
You feel much better.
A gnoll bouda comes into view. It is wielding a +0 whip.
The gnoll sergeant attacks as it pursues you!
The gnoll sergeant completely misses you.
The gnoll sergeant closely misses you.
Casting: Iskenderun's Mystic Blast (dangerous; 2% risk of failure)
Confirm with . or Enter, or press ? or * to list all spells.
Aiming: Searing Ray (safe; 1% risk of failure)
Press: ? - help, Shift-Dir - straight line, f - gnoll sergeant
Aim: a gnoll sergeant, wielding a +0 spear and wearing a +0 ring mail (moderately wounded, covering ground quickly, 87% to hit)
The searing ray hits the gnoll sergeant!
The gnoll sergeant is severely wounded.
The searing ray misses the gnoll bouda. (Press . to maintain the ray.)
The gnoll sergeant barely misses you.
The searing ray misses the gnoll sergeant.
The searing ray hits the gnoll bouda!
You kill the gnoll bouda!
Vehumet accepts your kill.
The gnoll sergeant hits you from afar with a +0 spear!
The searing ray hits the gnoll sergeant.
The gnoll sergeant is severely wounded.
The gnoll sergeant hits you from afar with a +0 spear!
* * * LOW HITPOINT WARNING * * *
Without enough magic to sustain it, your searing ray dissipates.
The gnoll sergeant hits you from afar with a +0 spear!
You die...

#.......##..##....###+##
#............#..........
#..†.........#..........
#..###.###..###...######
#..###.###).###...##....
#.......'.....#.........
#....##########.........
######♣♣♣♣♣♣ #...######
♣@.gg♣♣ ##..##....
####..♣♣♣###.#....
#...#)...♣♣♣##.....
#...#..♣..)♣♣#.....
.)..'...).).......#
##...#.♣....♣♣##...#
#...#..).♣♣♣ #....#
#####..♣♣♣ ##...# ♣)...♣
##...#


You could see a gnoll sergeant (swift) and a gnoll bouda (swift).

Vanquished Creatures
  A wyvern (D:5)
  The ghost of P0WERM0DE the Trooper, an amateur CoCK of Xom (D:4)
  A black bear (D:4)
  An ice beast (D:6)
  An ogre (D:5)
  2 phantoms
  A scorpion (D:6)
  4 gnoll sergeants (D:6)
  A howler monkey (D:6)
  A bombardier beetle (D:5)
  3 quasits (D:4)
  4 jellies
  A hound (D:6)
  2 orc priests
  3 gnoll boudas
  2 iguanas
  An orc wizard (D:5)
  Natasha (twice) (D:2)
  12 gnolls
  4 adders
  2 white imps (D:5)
  An ufetubus (D:6)
  3 dart slugs
  3 ribbon worms
  20 orcs
  5 ball pythons
  9 endoplasms
  4 giant cockroaches
  5 goblins
  4 hobgoblins
  7 jackals
  3 quokkas
  3 bats (D:1)
  3 frilled lizards
  5 kobolds
  6 rats
131 creatures vanquished.

Notes
Turn   | Place    | Note
-------+----------+-------------------------------------------
     0 | D:1      | Querens the Deep Elf Conjurer began the quest for the Orb.
     0 | D:1      | Reached XP level 1. HP: 10/10 MP: 6/6
   154 | D:1      | Reached XP level 2. HP: 15/15 MP: 0/8
   158 | D:1      | Learned a level 2 spell: Searing Ray
   359 | D:1      | Found a faded altar of an unknown god.
   584 | D:2      | Reached skill level 4 in Spellcasting
   619 | D:2      | Reached skill level 5 in Conjurations
   619 | D:2      | Reached XP level 3. HP: 19/19 MP: 3/10
   800 | D:2      | Noticed Natasha
   803 | D:2      | Killed Natasha
   911 | D:2      | Reached XP level 4. HP: 24/24 MP: 9/12
   962 | D:2      | Noticed Natasha
   967 | D:2      | Killed Natasha
  1042 | D:2      | Reached skill level 5 in Spellcasting
  1423 | D:3      | You fall into a shaft and drop 3 floors!
  1428 | D:6      | Noticed a scorpion
  1431 | D:6      | Killed a scorpion
  1432 | D:6      | Reached XP level 5. HP: 28/28 MP: 10/15
  1432 | D:6      | Noticed an ice beast
  1438 | D:6      | Killed an ice beast
  1439 | D:6      | Reached skill level 6 in Spellcasting
  1477 | D:6      | Found Zorodaef's Assorted Antiques.
  1507 | D:5      | Entered Level 5 of the Dungeon
  1551 | D:5      | Found an ancient bone altar of Kikubaaqudgha.
  1559 | D:5      | Reached XP level 6. HP: 32/32 MP: 11/17
  1838 | D:3      | Reached skill level 7 in Spellcasting
  1956 | D:4      | Found a transporter.
  1973 | D:4      | Noticed P0WERM0DE's ghost (amateur CoCK)
  1994 | D:4      | Reached XP level 7. HP: 36/36 MP: 5/19
  2028 | D:4      | Found a transporter.
  2112 | D:4      | Learned a level 4 spell: Iskenderun's Mystic Blast
  2116 | D:4      | Learned a level 3 spell: Swiftness
  2119 | D:4      | Learned a level 2 spell: Lesser Beckoning
  2123 | D:4      | Learned a level 3 spell: Maxwell's Portable Piledriver
  2128 | D:4      | Learned a level 4 spell: Fulminant Prism
  2279 | D:4      | Reached skill level 1 in Translocations
  2417 | D:4      | Found a staircase to the Ecumenical Temple.
  2424 | D:4      | Reached skill level 8 in Spellcasting
  2447 | Temple   | Entered the Ecumenical Temple
  2458 | Temple   | Became a worshipper of Vehumet
  2526 | D:4      | Killed P0WERM0DE's ghost
  2582 | D:5      | Reached XP level 8. HP: 39/41 MP: 9/22
  2791 | D:5      | Found a shadowy altar of Dithmenos.
  2801 | D:5      | Reached skill level 9 in Spellcasting
  3056 | D:5      | Found Xeazayrph's General Store.
  3073 | D:5      | Bought a scroll of vulnerability for 40 gold pieces
  3073 | D:5      | Bought 2 potions of haste for 200 gold pieces
  3073 | D:5      | Bought a potion of curing for 30 gold pieces
  3122 | D:5      | Identified the +6 arbalest of Joiph {penet, rElec Dex+6}
  3411 | D:6      | Reached * piety under Vehumet
  3411 | D:6      | Offered knowledge of Kiss of Death by Vehumet.
  3420 | D:6      | Bought a scroll labelled SEOCSUHEAM for 26 gold pieces
  3420 | D:6      | Bought a viscous green potion for 23 gold pieces
  3443 | D:6      | Reached skill level 5 in Translocations
  3445 | D:6      | Reached skill level 10 in Spellcasting
  3478 | D:6      | Found the +5 woodcutter's axe
  3481 | D:6      | Identified the +5 hand axe of the Big Bang {protect, rF-
                  | Str+2 Int+3}
  3489 | D:6      | HP: 1/41 [gnoll sergeant/+0 spear (12)]
  3496 | D:6      | Slain by a gnoll sergeant

Illustrated notes

Levels and vault maps discovered:
D:1:      dpeg_arrival_simpleton_c, layout_basic, basic_ecumenical_altar
D:2:      layout_loops_corners, uniq_natasha
D:3:      layout_rooms, serial_rivers, chequers_serial_rivers_micro_d,
          chequers_serial_rivers_large_a, chequers_serial_rivers_marsh,
          chequers_serial_rivers_small_a, chequers_serial_rivers_small_a
D:4:      layout_loops_ring, temple_green, gammafunk_ghost_stat_death
D:5:      layout_basic, mainiacjoe_overflow_boulevard, lemuel_crystal_altar,
          serial_shops, shop
D:6:      layout_gridville, biasface_ghost_orc_armoury, serial_shops, shop,
          pf_guarded_unrand_woodcutter
Temple:   eino_temple_water

Skill      XL: |  1  2  3  4  5  6  7  8 |
---------------+-------------------------+-----
Spellcasting   | 4 5 6 7 8 10 | 10.1
Conjurations   | 5 6 7 8 9 |  9.2
Translocations | 3 5 |  5.2
Dodging        | |  2.4
Stealth        | |  2.4

Action                     |  1- 3 |  4- 6 |  7- 9 || total
---------------------------+-------+-------+-------++-------
  Melee: Dagger            |     6 |    39 |       ||    45
         Unarmed           |     1 |       |       ||     1
         Short sword       |       |       |    25 ||    25
   Fire: Arbalest          |       |       |    13 ||    13
   Cast: Magic Dart        |    36 |    11 |    10 ||    57
         Searing Ray       |     6 |    29 |    20 ||    55
         Iskenderun's Myst |       |       |    16 ||    16
    Use: Potion            |     1 |       |     2 ||     3
         Scroll            |       |       |     5 ||     5
   Stab: Sleeping          |     1 |       |     2 ||     3
 Armour: Robe              |    29 |    33 |    33 ||    95
  Dodge: Dodged            |    31 |    46 |    34 ||   111

Table legend: (Time is in decaauts)
 A = Elapsed time spent in this place.
 B = Non-inter-level travel time spent in this place.
 C = Inter-level travel time spent in this place.
 D = Time resting spent in this place.
 E = Time spent auto-exploring this place.
 F = Levels seen in this place.
 G = Mean time per level.
                   A        B        C        D        E       F      G
               +--------+--------+--------+--------+--------+-----+--------+
         Total |   3509 |   3283 |    226 |      2 |      0 |   7 |  501.3 |
       Dungeon |   3486 |   3280 |    206 |      2 |      0 |   6 |  581.0 |
        Temple |     22 |      2 |     20 |      0 |      0 |   1 |   22.0 |
               +--------+--------+--------+--------+--------+-----+--------+

Top non-repeatable levels by time:
     D:5: 775 daAuts
     D:4: 687 daAuts
     D:2: 673 daAuts
     D:1: 581 daAuts
     D:3: 425 daAuts
     D:6: 343 daAuts
  Temple: 22 daAuts
